 Dungeon Crawl Stone Soup version 0.23-a0-461-gff60f6859b (webtiles) character file.

143 Hercules1031 the Skirmisher (level 5, -3/54 HPs)
             Began as an Ogre Gladiator on Nov 26, 2018.
             Hit by a tomahawk thrown by an orc (6 damage)
             ... on level 3 of the Dungeon on Dec 1, 2018.
             The game lasted 00:07:19 (2927 turns).

Hercules1031 the Skirmisher (Ogre Gladiator)        Turns: 2927, Time: 00:07:19

Health: -3/54      AC:  3    Str: 19    XL:     5   Next: 25%
Magic:  5/5        EV: 11    Int:  9    God:
Gold:   165        SH:  0    Dex: 10    Spells: 4/4 levels left

rFire    . . .     SeeInvis .   a - +0 flail
rCold    . . .     Gourm    .   (no shield)
rNeg     . . .     Faith    .   b - +0 robe
rPois    .         Spirit   .   c - +0 hat
rElec    .         Reflect  .   (no cloak)
rCorr    .         Harm     .   (gloves unavailable)
MR       .....                  (boots unavailable)
Stlth    +.........             (no amulet)
HPRegen  0.18/turn              (no ring)
MPRegen  0.09/turn              (no ring)

@: no status effects
A: large, unfitting armour, tough skin 1
a: no special abilities


You were on level 3 of the Dungeon.
You were not hungry.

You visited 1 branch of the dungeon, and saw 3 of its levels.

You collected 165 gold pieces.

Inventory:

Hand Weapons
 a - a +0 flail (weapon)
Missiles
 d - 3 throwing nets (quivered)
Armour
 b - a +0 robe (worn)
 c - a +0 hat (worn)
Wands
 p - a wand of polymorph (7)
Scrolls
 g - a scroll of magic mapping {unknown}
 h - 4 scrolls of identify {unknown}
 i - a scroll of fog {unknown}
 k - 2 scrolls of teleportation {unknown}
 n - 2 scrolls of blinking {unknown}
 o - a scroll of enchant armour {unknown}
 r - a scroll of fear {unknown}
Potions
 e - a potion of curing
 j - a potion of degeneration {unknown}
 l - a potion of flight
 m - a potion of heal wounds {unknown}
 q - a potion of magic {unknown}
Comestibles
 f - 5 rations


   Skills:
 + Level 4.2 Fighting
 * Level 4.1 Maces & Flails
 - Level 2.0 Throwing
 + Level 3.4 Dodging


You had 4 spell levels left.
You didn't know any spells.
Your spell library was empty.

Dungeon Overview and Level Annotations

Branches:
Dungeon (3/15)

Altars:
Dithmenos
Okawaru
The Shining One


Innate Abilities, Weirdness & Mutations

You are too large for most types of armour.
You have tough skin. (AC +1)


Message History

The hobgoblin is heavily wounded.
The hobgoblin hits you.
You hit the hobgoblin.
The hobgoblin is severely wounded.
The hobgoblin hits you.
You sock the hobgoblin!
You kill the hobgoblin!
The orc hits you but does no damage.
You hit the orc.
The orc is heavily wounded.
The orc hits you with a +0 flail!
* * * LOW HITPOINT WARNING * * *
You closely miss the orc.
The orc is heavily wounded.
The orc hits you with a +0 flail.
* * * LOW HITPOINT WARNING * * *
You hit the orc.
You kill the orc!
The orc throws a tomahawk.
The tomahawk hits you.
You die...

...............#
####.#######......#
#..........(#)#####
###.##.######.#.##...
#....#.# #.#.##...
#....#.######.#.##...
#.(..#........#......
#....##############.#
#...@# #####.#
###+#)....# #.....#
o...... #.....'
....... #.....#
....... #.....#
....... #.....#
....... #.....#
....... #.....#
#######


You could see an orc.

Vanquished Creatures
  4 adders
  2 oozes (D:1)
  2 worms
  3 dart slugs
  2 leopard geckos (D:3)
  8 orcs
  A giant cockroach (D:1)
  7 goblins
  10 hobgoblins
  6 jackals
  15 kobolds
  6 bats
  2 frilled lizards
  9 rats
77 creatures vanquished.

Notes
Turn   | Place    | Note
-------+----------+-------------------------------------------
     0 | D:1      | Hercules1031 the Ogre Gladiator began the quest for the
                  | Orb.
     0 | D:1      | Reached XP level 1. HP: 22/22 MP: 1/1
   201 | D:1      | Reached XP level 2. HP: 31/31 MP: 2/2
   512 | D:1      | Reached XP level 3. HP: 29/37 MP: 3/3
  1248 | D:2      | Found a glowing golden altar of the Shining One.
  1480 | D:2      | Reached XP level 4. HP: 46/46 MP: 4/4
  1971 | D:2      | Found an iron altar of Okawaru.
  1973 | D:2      | Found a shadowy altar of Dithmenos.
  2766 | D:3      | Reached XP level 5. HP: 48/54 MP: 5/5
  2926 | D:3      | HP: 2/54 [orc/+0 flail (5)]
  2927 | D:3      | Hit by a tomahawk thrown by an orc

Vault maps used:
D:1:      shiori_arrival_maze
D:2:      lemuel_doored_altar, minitemple, minmay_tetromino_t2
D:3:      nicolae_overflow_hidden_temple

Skill      XL: |  1  2  3  4 |
---------------+-------------+-----
Fighting       | 3 4 |  4.2
Maces & Flails | 3 4 |  4.1
Dodging        | 3 |  3.4
Throwing       | |  2.0

Action                   |  1- 3 |  4- 6 || total
-------------------------+-------+-------++-------
Melee: Flail             |   101 |   143 ||   244
       Unarmed           |    10 |       ||    10
  Use: Potion            |       |     2 ||     2
  Eat: Ration            |     1 |     1 ||     2
Armor: Robe              |    32 |    26 ||    58
       Skin              |     2 |       ||     2
Dodge: Dodged            |    76 |    96 ||   172

Table legend:
 A = Non-vault XP
 B = Vault XP
 C = Vault XP percentage of total XP
 D = Non-vault monster count
 E = Vault monster count
 F = Vault count percentage of total count
                 A         B        C        D         E       F
            +---------+---------+-------+---------+---------+-------
      Total |     200 |       5 |   2.4 |      74 |       3 |   3.9
            +---------+---------+-------+---------+---------+-------
        D:1 |      45 |       4 |   8.2 |      23 |       2 |   8.0
        D:2 |      66 |       1 |   1.5 |      26 |       1 |   3.7
        D:3 |      89 |       0 |   0.0 |      25 |       0 |   0.0
            +---------+---------+-------+---------+---------+-------
